 Dungeon Crawl Stone Soup version 0.20.1-1-g8b1a95d (webtiles) character file.

205 Knicklaso the Chiller (level 5, 0/38 HPs)
             Began as a Ghoul Ice Elementalist on July 18, 2017.
             Slain by motoroller71's ghost (9 damage)
             ... on level 4 of the Dungeon.
             The game lasted 00:12:18 (3249 turns).

Knicklaso the Chiller (Ghoul Ice Elementalist)      Turns: 3249, Time: 00:12:18

Health: 0/38       AC:  2    Str: 12    XL:     5   Next: 83%
Magic:  0/8        EV: 12    Int: 11    God:
Gold:   204        SH:  0    Dex:  9    Spells: 9/10 levels left

rFire    . . .     SeeInvis .   (no weapon)
rCold    + . .     Gourm    .   (no shield)
rNeg     + + +     Faith    .   a - +0 robe
rPois    ∞         Spirit   .   (no helmet)
rElec    .         Reflect  .   (no cloak)
rCorr    .         Harm     .   (no gloves)
MR       .....                  (no boots)
Stlth    ++........             (no amulet)
Regen    0.0/turn               (no ring)
MPRegen  0.2/turn               (no ring)

@: very slightly contaminated, rotting, invisible
A: rotting body, claws 1, carnivore 3, cold resistance 1, negative energy
resistance 3, inhibited regeneration, torment resistance, unbreathing
a: no special abilities


You were on level 4 of the Dungeon.
You were not hungry.

You visited 1 branch of the dungeon, and saw 4 of its levels.

You collected 204 gold pieces.

Inventory:

Armour
 a - a +0 robe (worn)
 e - a +0 pair of gloves
 f - a cursed +0 helmet
Jewellery
 i - an uncursed ring of ice {unknown}
 m - a +5 ring of dexterity {unknown}
 t - an uncursed ring of flight {unknown}
 u - an uncursed amulet of regeneration {unknown}
 v - a +3 ring of strength {unknown}
Scrolls
 d - 3 scrolls of noise {unknown}
 g - 2 scrolls of magic mapping {unknown}
 k - 4 scrolls of remove curse {unknown}
 l - a scroll of amnesia {unknown}
 o - a scroll of enchant weapon {unknown}
 p - 2 scrolls of identify {unknown}
 q - 2 scrolls of teleportation {unknown}
Potions
 h - a potion of agility {unknown}
 j - a potion of mutation {unknown}
 r - 3 potions of curing {unknown}
 s - 3 potions of haste {unknown}
Books
 b - a book of Frost

   Spells                             Type                      Level
   a - Freeze                         Ice                          1
   b - Throw Frost                    Conjuration/Ice              2
   c - Ozocubu's Armour               Charms/Ice                   3
   d - Throw Icicle                   Conjuration/Ice              4
   e - Summon Ice Beast               Ice/Summoning                4
Comestibles
 c - 4 meat rations


   Skills:
 - Level 1.7 Dodging
 + Level 3.9 Stealth
 + Level 3.2 Spellcasting
   Level 0.7 Conjurations
 + Level 5.0 Ice Magic


You had 9 spell levels left.
You knew the following spells:

 Your Spells              Type           Power        Failure   Level  Hunger
a - Freeze                Ice            ##..         3%          1    #......


Dungeon Overview and Level Annotations

Branches:
Dungeon (4/15)
 Temple: D:4-7

Altars:
Gozag
Qazlal

Annotations:
D:4 motoroller71's ghost, amateur HuCK


Innate Abilities, Weirdness & Mutations

Your body is rotting away.
You thrive on raw meat.
You are immune to poison.
You have sharp fingernails.
You are carnivorous and can eat meat at any time.
Your flesh is cold resistant. (rC+)
You are immune to negative energy. (rN+++)
You do not regenerate when monsters are visible.
You are immune to unholy pain and torment.
You can survive without breathing.


Message History

Casting: Freeze
Confirm with . or Enter, or press ? or * to list all spells.
Aiming: Freeze
Press: ? - help, Shift-Dir - straight line, f/p - motoroller71's ghost
Aim: motoroller71's ghost, wielding a weapon of chaos (severely damaged)
You freeze motoroller71's ghost.
Motoroller71's ghost is almost destroyed.
Motoroller71's ghost hits you.
* * * LOW HITPOINT WARNING * * *
You fade into invisibility!
You are very lightly contaminated with residual magic.
Casting: Freeze
Confirm with . or Enter, or press ? or * to list all spells.
Aiming: Freeze
Press: ? - help, Shift-Dir - straight line, f/p - motoroller71's ghost
Aim: motoroller71's ghost, wielding a weapon of chaos (almost destroyed)
You freeze motoroller71's ghost.
Motoroller71's ghost is almost destroyed.
Motoroller71's ghost hits you!
You die...

#...................#...#.
#...................#####.
#####......#####.........#
#......# ..#.........#
#......#...#.........#
#......#...#####.....#
#......'... +..#.....#
#......#.. #..#......
#####...W@.#'# #..#......
#....##'####.####..#......
#....'........#....'......
#....#.......$'....#......
#....###########...#......
#####....#...####'########
#..'....#..........#.....
#..#....#..........'.....
#..#....##..###..########


You could see motoroller71's ghost.

Vanquished Creatures
  A hound (D:4)
  An orc wizard (D:3)
  6 adders
  3 worms
  A dart slug (D:3)
  5 leopard geckos
  4 orcs (D:3)
  4 giant cockroaches (D:3)
  3 goblins
  10 hobgoblins
  6 jackals
  10 kobolds
  2 quokkas (D:3)
  A ball python (D:1)
  8 bats
  4 frilled lizards
  2 rats
71 creatures vanquished.

Notes
Turn   | Place    | Note
-------+----------+-------------------------------------------
     0 | D:1      | Knicklaso the Ghoul Ice Elementalist began the quest for the Orb.
     0 | D:1      | Reached XP level 1. HP: 14/14 MP: 2/2
   432 | D:1      | Reached XP level 2. HP: 19/19 MP: 0/4
   645 | D:2      | Found an opulent altar of Gozag.
   906 | D:2      | Reached XP level 3. HP: 26/26 MP: 3/5
  1434 | D:3      | Reached skill level 4 in Ice Magic
  1549 | D:3      | Reached XP level 4. HP: 26/33 MP: 0/6
  1651 | D:3      | Found a stormy altar of Qazlal.
  2095 | D:3      | Reached XP level 5. HP: 35/38 MP: 0/8
  3002 | D:4      | Reached skill level 5 in Ice Magic
  3079 | D:4      | Noticed motoroller71's ghost (amateur HuCK)
  3249 | D:4      | Slain by motoroller71's ghost

Skill      XL: |  1  2  3  4  5 |
---------------+----------------+-----
Spellcasting   | 2 3 |  3.2
Ice Magic      | 4 5 |  5.0
Stealth        | 3 |  3.9
Dodging        | |  1.7
Conjurations   | |  0.7

Action                   |  1- 3 |  4- 6 || total
-------------------------+-------+-------++-------
Melee: Unarmed           |    31 |     9 ||    40
 Cast: Freeze            |    58 |    92 ||   150
  Eat: Chunk             |    12 |    16 ||    28
Armor: Robe              |     7 |     8 ||    15
Dodge: Dodged            |    42 |    44 ||    86
